 Dungeon Crawl Stone Soup version 0.30-a0-723-gc1506a1cf0 (webtiles) character file.

Game seed: 6744650143849175875

331 Newt the Cutter (level 6, -2/48 HPs)
             Began as a Demonspawn Gladiator on Jan 28, 2023.
             Killed by divine providence
             ... invoked by an orc priest
              (9 damage)
             ... on level 4 of the Dungeon.
             The game lasted 00:03:34 (2339 turns).

Newt the Cutter (Demonspawn Gladiator)              Turns: 2339, Time: 00:03:35

Health: -2/48      AC:  9    Str: 16    XL:     6   Next: 26%
Magic:  6/6        EV: 12    Int: 16    God:
Gold:   74         SH:  4    Dex: 14    Spells: 4/5 levels left

rFire   . . .      SeeInvis .    m - +6 dagger (freeze)
rCold   . . .      Faith    .    (no shield)
rNeg    . . .      Spirit   .    b - +0 leather armour
rPois   .          Reflect  .    (helmet restricted)
rElec   .          Harm     .    q - +0 cloak
rCorr   .          Rampage  .    (no gloves)
Will    .....                    u - +0 pair of boots
Stlth   ++                       (no amulet)
HPRegen 0.28/turn                i - +4 ring of protection
MPRegen 0.10/turn                t - +6 ring of intelligence

@: hasted, very quick
A: horns 1, condensation shield, demonic magic 1, weakness stinger 2
a: no special abilities


You were on level 4 of the Dungeon.
You visited 1 branch of the dungeon, and saw 4 of its levels.

You collected 221 gold pieces.
You spent 147 gold pieces at shops.

Inventory:

Hand Weapons
 a - a +0 rapier
 l - a +3 dagger of speed
 m - a +6 dagger of freezing (weapon)
Missiles
 d - 3 throwing nets
Armour
 b - a +0 leather armour (worn)
 c - a +0 helmet
 q - a +0 cloak (worn)
 u - a +0 pair of boots (worn)
Jewellery
 i - a +4 ring of protection (left hand)
 k - a ring of willpower
 r - a +4 ring of protection
 t - a +6 ring of intelligence (right hand)
 v - a ring of magical power
Scrolls
 s - a scroll of teleportation
Potions
 f - a potion of flight
 g - a potion of lignification
 h - a potion of heal wounds
 n - a potion of ambrosia
 o - 2 potions of might {unknown}
 p - 2 potions of degeneration


   Skills:
 - Level 4.0 Fighting
 + Level 5.2 Short Blades
 - Level 1.7 Throwing
 - Level 2.6 Dodging
 - Level 2.0 Stealth


You had 4 spell levels left.
You knew the following spells:

 Your Spells              Type           Power      Damage    Failure   Level
a - Foxfire               Conj/Fire      0%         2x1d4     30%         1

Your spell library contained the following spells:

 Spells                   Type           Power      Damage    Failure   Level
 Fireball                 Conj/Fire      0%         3d3       100%        5
 Starburst                Conj/Fire      0%         6d3       100%        6


Dungeon Overview and Level Annotations

Branches:
Dungeon (4/15)
 Temple: D:4-7

Altars:

Shops:
D:2 *


Innate Abilities, Weirdness & Mutations

You have a pair of small horns on your head.
A meltable shield of frost defends you. (SH +4)
Spells you cast may paralyse adjacent enemies.
You have a tail ending in a sharp stinger.


Message History

The orc hits you but does no damage.
The jackal bites you but does no damage.
There is an open door here.
Things that are here:
a +0 flail; a +0 scale mail The orc completely misses you.
The orc priest miscasts a cantrip.
You hit the orc priest but do no damage.
Your tail-slap misses the orc priest.
The jackal barely misses you.
You closely miss the orc priest.
You headbutt the orc priest, but do no damage.
The orc barely misses you. You block the orc priest's attack.
The jackal misses you.
You hit the orc priest. You freeze the orc priest.
The orc priest is lightly wounded.
The jackal bites you but does no damage.
The orc priest looks satisfied for a moment.
The orc hits you with a +0 trident.
You barely miss the orc priest.
Your tail-slap misses the orc priest.
The orc priest is lightly wounded.
The jackal bites you but does no damage.
You hit the orc priest. You freeze the orc priest.
Your headbutt misses the orc priest.
The orc priest is severely wounded.
The orc closely misses you.
The orc priest invokes the aid of Beogh against you.
Beogh smites you!
The jackal bites you but does no damage.
You closely miss the orc priest.
You tail-slap the orc priest, but do no damage.
The orc priest is severely wounded.
You block the jackal's attack. The orc hits you but does no damage.
The orc priest mumbles some strange prayers to Beogh against you.
Pain shoots through your body!
* * * LOW HITPOINT WARNING * * *
It was a potion of haste.
You feel yourself speed up. The jackal closely misses you.
The orc priest invokes the aid of Beogh against you.
Beogh smites you!
You die...

#.# #.# #.#
#.# #.# #.#
#.########
##h#.......
#.o@.......
#(...o........
####....######
+.(..# #....#
#....# >....#
#......


You could see an orc priest, an orc and a jackal.

Vanquished Creatures
  A necrophage (D:3)
  An orc priest (D:4)
  Jessica (D:2)
  Natasha (thrice) (D:2)
  An orc wizard (D:3)
  3 adders
  3 dart slugs
  3 worms (D:2)
  6 orcs (D:3)
  4 ball pythons
  5 endoplasms (D:2)
  8 goblins
  4 hobgoblins
  A jackal (D:2)
  5 quokkas
  8 bats
  4 frilled lizards
  8 kobolds
  6 rats
75 creatures vanquished.

Notes
Turn   | Place    | Note
-------+----------+-------------------------------------------
     0 | D:1      | Newt the Demonspawn Gladiator began the quest for the Orb.
     0 | D:1      | Reached XP level 1. HP: 16/16 MP: 1/1
    39 | D:1      | Found a faded altar of an unknown god.
   190 | D:1      | Reached skill level 1 in Stealth
   293 | D:1      | Discovered your monstrous ancestry.
   293 | D:1      | Gained mutation: You have a pair of small horns on your
                  | head. [demonic ancestry]
   293 | D:1      | Reached XP level 2. HP: 18/22 MP: 2/2
   927 | D:2      | Noticed Natasha
   931 | D:2      | Killed Natasha
   932 | D:2      | Gained mutation: A meltable shield of frost defends you.
                  | (SH +4) [demonic ancestry]
   932 | D:2      | Reached XP level 3. HP: 17/29 MP: 3/3
   944 | D:2      | Found Oqal Boi's Assorted Antiques.
   956 | D:2      | Bought a scroll labelled EKEIKH VAUMPUD for 21 gold pieces
   956 | D:2      | Bought a scroll labelled TOKKICIYNIDI for 21 gold pieces
  1265 | D:2      | Gained mutation: You have a small tail. [demonic ancestry]
  1265 | D:2      | Reached XP level 4. HP: 37/37 MP: 4/4
  1461 | D:2      | Noticed Natasha
  1467 | D:2      | Killed Natasha
  1468 | D:2      | Reached skill level 3 in Short Blades
  1729 | D:2      | Noticed Natasha
  1733 | D:2      | Killed Natasha
  1734 | D:2      | Gained mutation: You have a tail ending in a sharp stinger.
                  | [demonic ancestry]
  1734 | D:2      | Reached XP level 5. HP: 41/42 MP: 5/5
  1766 | D:2      | Bought an iron ring for 105 gold pieces
  1769 | D:2      | Noticed Jessica
  1776 | D:2      | Killed Jessica
  1794 | D:3      | Reached skill level 4 in Short Blades
  2050 | D:3      | Reached skill level 5 in Short Blades
  2050 | D:3      | Gained mutation: Spells you cast may paralyse adjacent
                  | enemies. [demonic ancestry]
  2050 | D:3      | Reached XP level 6. HP: 48/48 MP: 6/6
  2118 | D:3      | Learned a level 1 spell: Foxfire
  2339 | D:4      | Killed from afar by an orc priest

Illustrated notes

Levels and vault maps discovered:
D:1:      scummos_arrival_simple_crosswalls, layout_basic,
          hellmonk_ecumenical_altar_lost_god, nicolae_figureground_pulse
D:2:      minmay_chambers_of_twos, layout_basic, serial_shops,
          nicolae_shop_crystal, uniq_jessica, uniq_natasha
D:3:      layout_rooms, minmay_misc_feat_four_crosses, fountainhead,
          minivault_14, minivault_14
D:4:      layout_basic, minmay_temple_entry_junction,
          amcnicky_mini_corridor_feature, uniq_pikel

Skill      XL: |  1  2  3  4  5 |
---------------+----------------+-----
Stealth        | 1 2 |  2.0
Fighting       | 3 4 |  4.0
Short Blades   | 3 5 |  5.2
Throwing       | |  1.7
Dodging        | |  2.6

Action                     |  1- 3 |  4- 6 || total
---------------------------+-------+-------++-------
  Melee: Rapier            |    11 |       ||    11
         Dagger            |    44 |    94 ||   138
         Headbutt          |     2 |    18 ||    20
         Tailslap          |       |    12 ||    12
  Throw: Javelin           |       |     1 ||     1
    Use: Scroll            |     6 |     3 ||     9
         Potion            |     2 |     1 ||     3
   Stab: Sleeping          |     7 |     1 ||     8
 Armour: Leather armour    |    13 |    27 ||    40
  Dodge: Dodged            |    21 |    39 ||    60
  Block: Other             |     1 |     9 ||    10

Table legend: (Time is in decaauts)
 A = Elapsed time spent in this place.
 B = Non-inter-level travel time spent in this place.
 C = Inter-level travel time spent in this place.
 D = Time resting spent in this place.
 E = Time spent auto-exploring this place.
 F = Levels seen in this place.
 G = Mean time per level.
                   A        B        C        D        E       F      G
               +--------+--------+--------+--------+--------+-----+--------+
         Total |   2311 |   2173 |    138 |      9 |   1696 |   4 |  577.8 |
       Dungeon |   2311 |   2173 |    138 |      9 |   1696 |   4 |  577.8 |
               +--------+--------+--------+--------+--------+-----+--------+

Top non-repeatable levels by time:
     D:1: 920 daAuts
     D:2: 850 daAuts
     D:3: 512 daAuts
     D:4: 28 daAuts
